 Dungeon Crawl Stone Soup version 0.32-a0-918-g0f22ef8d61 (webtiles) character file.

Game seed: 219274421204339656

21 innerfire43 the Poker (level 2, 0/20 HPs)
             Began as a Demonspawn Wanderer on Apr 10, 2024.
             Was a Follower of Okawaru.
             Succumbed to an adder's poison
             ... on level 2 of the Dungeon.
             The game lasted 00:01:05 (751 turns).

innerfire43 the Poker (Demonspawn Wanderer)          Turns: 751, Time: 00:01:06

Health: 0/20       AC:  4    Str: 12    XL:     2   Next: 65%
Magic:  2/2        EV:  9    Int: 11    God:    Okawaru [*.....]
Gold:   15         SH:  4    Dex: 13    Spells: 1/1 levels left

rFire   . . .        a - +2 spear
rCold   . . .        c - +0 buckler
rNeg    . . .        e - +0 leather armour
rPois   .            (no helmet)
rElec   .            i - +0 cloak
rCorr   .            (no gloves)
SInv    .            (no boots)
Will    .....        (no amulet)
Stlth   +            (no ring)
HPRegen 0.23/turn    (no ring)
MPRegen 0.08/turn

%: no passive effects
@: lethally poisoned (0 -> -5)
A: foul stench 1
a: Renounce Religion, Heroism


You were on level 2 of the Dungeon.
You worshipped Okawaru.
Okawaru was aware of your devotion.
You visited 1 branch of the dungeon, and saw 2 of its levels.

You collected 15 gold pieces.

Inventory:

Hand Weapons
 a - a +2 spear (weapon)
 b - a +0 falchion
Armour
 c - a +0 buckler (worn)
 e - a +0 leather armour (worn)
 i - a +0 cloak (worn)
Jewellery
 k - a ring of resist corrosion
Scrolls
 f - a scroll of noise {unknown}
 g - 2 scrolls of identify {unknown}
 j - a scroll of enchant armour {unknown}
 l - 2 scrolls of teleportation {unknown}
Potions
 d - a potion of attraction
 h - 2 potions of brilliance {unknown}
 m - 3 potions of curing {unknown}


   Skills:
 + Level 0.5 Fighting
 - Level 1.7 Long Blades
 * Level 3.1 Polearms
 - Level 1.0 Throwing
 + Level 1.2 Armour
 * Level 2.2 Shields
 - Level 1.0 Evocations


You had one spell level left.
You didn't know any spells.
Your spell library was empty.

Dungeon Overview and Level Annotations

Branches:
Dungeon (2/15)

Altars:
Okawaru


Innate Abilities, Weirdness & Mutations

You may rarely emit foul miasma when damaged in melee.


Message History

An adder is nearby!
You hit the adder.
The adder is severely wounded.
You block the adder's attack.
An adder is nearby!
You closely miss the adder.
The adder is severely wounded.
The adder bites you but does no damage.
You closely miss the adder.
The adder is severely wounded.
The adder bites you.
You are poisoned.
The adder poisons you! You block the adder's attack.
An adder is nearby!
You miss the adder.
The adder is severely wounded.
You feel sick. The adder completely misses you.
An adder is nearby!
You miss the adder.
The adder is severely wounded.
You feel sick. The adder bites you.
An adder is nearby!
You are too injured to fight recklessly!
An adder is nearby!
You are too injured to fight recklessly!
You are too injured to fight recklessly!
An adder is nearby!
You barely miss the adder.
The adder is severely wounded.
You feel sick. The adder bites you.
You are lethally poisoned!
The adder poisons you! The adder barely misses you.
You barely miss the adder.
The adder is severely wounded.
* * * LOW HITPOINT WARNING * * *
You feel sick. The adder bites you.
* * * LOW HITPOINT WARNING * * *
You miss the adder.
The adder is severely wounded.
You die...

..#..##.####†#......
........................
........................
.................####.##
......#.................
................#####
......#.##....#.#
...$....##....#.#
......S@..♣♣.~♣.#
.#.......♣♣♣~♣♣.#
#....#.#♣ ♣.P ......###
~~P♣ ..... ♣.♣♣ .#...
~.. #.# ~~~ >. ..~


You could see an adder.

Vanquished Creatures
  A dart slug (D:1)
  An endoplasm (D:2)
  A giant cockroach (D:1)
  A goblin (D:1)
  3 hobgoblins (D:1)
  2 kobolds (D:1)
  2 ball pythons (D:1)
  4 bats (D:1)
  A frilled lizard (D:1)
  3 rats
19 creatures vanquished.

Notes
Turn   | Place    | Note
-------+----------+-------------------------------------------
     0 | D:1      | innerfire43 the Demonspawn Wanderer began the quest for the
                  | Orb.
     0 | D:1      | innerfire43 set off with the following items: a +2 spear, a
                  | +0 falchion, a +0 buckler, a potion of attraction, a +0
                  | leather armour.
     0 | D:1      | Reached XP level 1. HP: 13/13 MP: 1/1
   351 | D:1      | Found a faded altar of an unknown god.
   399 | D:1      | Gained mutation: You may rarely emit foul miasma when
                  | damaged in melee. [demonic ancestry]
   399 | D:1      | Reached XP level 2. HP: 19/19 MP: 2/2
   470 | D:1      | Reached skill level 3 in Polearms
   704 | D:1      | Prayed at the altar of an unknown god.
   704 | D:1      | Became a worshipper of Warmaster Okawaru
   704 | D:1      | Reached * piety under Okawaru
   750 | D:2      | HP: 1/20 [adder (4)]
   751 | D:2      | Succumbed to an adder's poison

Illustrated notes

Levels and vault maps discovered:
D:1:      nagdon_arrival_zigzag_paths, layout_basic,
          shapermc_ecumenical_altar_mp_ritualfount
D:2:      layout_basic, serial_bayou, serial_bayou_crossing,
          serial_bayou_lagoon_b, serial_bayou_shore_b, serial_bayou_pond_a,
          grunt_ministairs_10, guppyfry_early_orc_mine

Skill      XL: |  1  2 |
---------------+-------+-----
Shields        | 2 |  2.2
Polearms       | 3 |  3.1
Fighting       | |  0.5
Long Blades    | |  1.7
Throwing       | |  1.0
Armour         | |  1.2
Evocations     | |  1.0

Action                     || total
---------------------------++-------
  Melee: Spear             ||    66
 Armour: Leather armour    ||    29
  Dodge: Dodged            ||    30
  Block: Buckler           ||    10

Table legend: (Time is in decaauts)
 A = Elapsed time spent in this place.
 B = Non-inter-level travel time spent in this place.
 C = Inter-level travel time spent in this place.
 D = Time resting spent in this place.
 E = Time spent auto-exploring this place.
 F = Levels seen in this place.
 G = Mean time per level.
                   A        B        C        D        E       F      G
               +--------+--------+--------+--------+--------+-----+--------+
         Total |    752 |    709 |     43 |      0 |    575 |   2 |  376.0 |
       Dungeon |    752 |    709 |     43 |      0 |    575 |   2 |  376.0 |
               +--------+--------+--------+--------+--------+-----+--------+

Top non-repeatable levels by time:
     D:1: 721 daAuts
     D:2: 30 daAuts
